 Dungeon Crawl Stone Soup version 0.28-a0-309-gf6d37e6e1d (webtiles) character file.

Game seed: 16653831735666700132

331782 AarnesTheHuman the Warrior (level 22, -8/186 (190) HPs)
             Began as a Formicid Abyssal Knight on Aug 27, 2021.
             Was a Priest of Lugonu.
             Mangled by a guardian serpent (19 damage)
             ... on level 2 of the Elven Halls on Aug 30, 2021.
             The game lasted 06:25:39 (91291 turns).

AarnesTheHuman the Warrior (FoAK)                  Turns: 91291, Time: 06:25:39

HP:   -8/186 (190)  AC: 35    Str: 30    XL:     22   Next: 75%
MP:   28/33         EV:  8    Int: 16    God:    Lugonu [***...]
Gold: 1599          SH: 17    Dex: 16    Spells: 16/21 levels left

rFire   + + .      SeeInvis +   b - +9 scythe "Plog" {vorpal, rPois Will- rCorr Int+3}
rCold   + + .      Faith    .   s - +1 kite shield {rC+ rF+}
rNeg    . . .      Spirit   .   h - +5 gold dragon scales
rPois   +          Reflect  +   (helmet unavailable)
rElec   +          Harm     .   j - +1 cloak "Uhuhest" {rElec Str+4 Dex+6}
rCorr   +          Rampage  +   J - +2 pair of gloves
Will    ++...                   T - +1 pair of boots {rampage}
Stlth   ..........              o - amulet of reflection
HPRegen 0.41/turn               F - +4 ring of slaying
MPRegen 0.23/turn               M - ring of willpower

@: very slightly contaminated, lightly drained, invisible
A: permanent stasis, dig shafts and tunnels, antennae 3, four strong arms
}: 2/15 runes: barnacled, gossamer
a: Dig, Shaft Self, Renounce Religion, Depart the Abyss, Bend Space, Banish


You were on level 2 of the Elven Halls.
You worshipped Lugonu.
Lugonu was most pleased with you.
You visited 7 branches of the dungeon, and saw 37 of its levels.
You visited the Abyss 6 times.
You visited 2 bazaars.
You also visited: Sewer, Volcano and Desolation.

You collected 6951 gold pieces.
You spent 5352 gold pieces at shops.

Inventory:

Hand Weapons
 a - a +6 vorpal arbalest
 b - the +9 scythe "Plog" (weapon) {vorpal, rPois Will- rCorr Int+3}
   (You bought it in a shop in a bazaar)

   It inflicts extra damage upon your enemies.
   Int:       It affects your intelligence (+3).
   rPois:     It protects you from poison.
   rCorr:     It protects you from acid and corrosion.
   Will:      It decreases your willpower.
 c - the +5 hand crossbow of Ytuebby {elec, rF- Str+2 Int-3 Dex+6}
   (You found it on level 5 of the Lair of Beasts)

   Any ammunition fired from it occasionally discharges a powerful burst of
   electricity upon striking a foe.
   Str:       It affects your strength (+2).
   Int:       It affects your intelligence (-3).
   Dex:       It affects your dexterity (+6).
   rF:        It makes you vulnerable to fire.
 O - the +5 quarterstaff "Jinim" {vorpal, rC+ Dex+3}
   (You found it in the Desolation of Salt)

   It inflicts extra damage upon your enemies.
   Dex:       It affects your dexterity (+3).
   rC:        It protects you from cold.
Missiles
 k - 109 poisoned darts (quivered)
 U - 1060 bolts
Armour
 h - +5 gold dragon scales (worn)
 j - the +1 cloak "Uhuhest" (worn) {rElec Str+4 Dex+6}
   (You acquired it on level 4 of the Lair of Beasts)

   Str:       It affects your strength (+4).
   Dex:       It affects your dexterity (+6).
   rElec:     It insulates you from electricity.
 s - a +1 kite shield of resistance (worn)
 I - a +2 kite shield of poison resistance
 J - a +2 pair of gloves (worn)
 T - a +1 pair of boots of rampaging (worn)
Jewellery
 f - a ring of protection from fire
 m - the ring "Kouzur" {rElec rPois rC+ rCorr MP+9}
   (You found it in the Desolation of Salt)

   [ring of protection from cold]

   rC:        It protects you from cold.
   rElec:     It insulates you from electricity.
   rPois:     It protects you from poison.
   MP:        It affects your magic capacity (+9).
   rCorr:     It protects you from acid and corrosion.
 n - an amulet of guardian spirit
 o - an amulet of reflection (around neck)
 v - the ring of the Hare {EV+8}
   (You found it on level 4 of the Lair of Beasts)

   [ring of evasion]

   EV:        It affects your evasion (+8).
 w - a ring of protection from cold
 F - a +4 ring of slaying (left hand)
 K - a +4 ring of protection
 M - a ring of willpower (right hand)
 W - the ring "Ymadupow" {rN+ EV+4}
   (You found it on level 4 of the Vaults)

   [ring of evasion]

   EV:        It affects your evasion (+4).
   rN:        It protects you from negative energy.
 Y - a ring of flight
 Z - the ring "Duthre" {*Slow rF+ Str+3 SInv}
   (You took it off a spriggan on level 6 of the Lair of Beasts)

   [ring of see invisible]

   Str:       It affects your strength (+3).
   rF:        It protects you from fire.
   SInv:      It lets you see invisible.
   *Slow:     It may slow you when you take damage.
Wands
 i - a wand of iceblast (36)
 y - a wand of paralysis (30)
 A - a wand of flame (75)
 N - a wand of mindburst (18)
 Q - a wand of digging (11)
 R - a wand of acid (12)
Scrolls
 g - 2 scrolls of fog
 p - 4 scrolls of fear
 z - a scroll of amnesia
 C - 7 scrolls of enchant weapon
 D - a scroll of magic mapping
 G - 2 scrolls of silence
 H - 10 scrolls of identify
 L - 2 scrolls of holy word
Potions
 e - 9 potions of curing
 l - 2 potions of resistance
 q - 4 potions of might
 r - 3 potions of invisibility
 t - 8 potions of brilliance
 u - 6 potions of ambrosia
 B - 4 potions of flight
 E - a potion of cancellation
 X - 3 potions of attraction
Miscellaneous
 P - a phantom mirror


   Skills:
 + Level 19.8 Fighting
 - Level 5.0 Maces & Flails
 * Level 17.0 Polearms
 - Level 12.0 Crossbows
 - Level 2.0 Throwing
 - Level 17.2 Armour
 - Level 3.3 Dodging
 - Level 9.0 Shields
 - Level 5.0 Conjurations
 - Level 6.5 Transmutations
 - Level 11.5 Earth Magic
 - Level 15.0 Invocations


You had 16 spell levels left.
You knew the following spells:

 Your Spells              Type           Power      Damage    Failure   Level
a - Passwall              Tmut/Erth      23%        N/A       12%         2
b - Stone Arrow           Conj/Erth      52%        3d10      32%         3

Your spell library contained the following spells:

 Spells                   Type           Power      Damage    Failure   Level
 Beastly Appendage        Tmut           40%        N/A       22%         1
 Wereblood                Tmut           20%        N/A       34%         2
 Spider Form              Tmut/Pois      5%         N/A       95%         3
 Pain                     Necr           0%         1d4       97%         1
 Summon Small Mammal      Summ           0%         N/A       97%         1
 Animate Armour           Summ/Erth      36%        N/A       97%         4
 Conjure Flame            Conj/Fire      8%         6-21      98%         3
 Corpse Rot               Necr/Air       N/A        N/A       99%         2
 Ensorcelled Hibernation  Hex/Ice        0%         N/A       99%         2
 Poisonous Vapours        Pois/Air       0%         N/A       99%         2
 Slow                     Hex            0%         N/A       99%         2
 Ignite Poison            Fire/Tmut/Pois 6%         N/A       99%         3
 Blade Hands              Tmut           10%        N/A       99%         5
 Call Canine Familiar     Summ           0%         N/A       100%        3
 Confusing Touch          Hex            0%         N/A       100%        3
 Frozen Ramparts          Ice            0%         1d2       100%        3
 Ozocubu's Armour         Ice            0%         N/A       100%        3
 Summon Guardian Golem    Hex/Summ       0%         N/A       100%        3
 Tukima's Dance           Hex            0%         N/A       100%        3
 Dispel Undead            Necr           0%         3d6       100%        4
 Hailstorm                Conj/Ice       8%         3d4       100%        4
 Ice Form                 Ice/Tmut       10%        N/A       100%        4
 Sticky Flame             Conj/Fire      8%         2d3       100%        4
 Summon Ice Beast         Ice/Summ       0%         N/A       100%        4
 Agony                    Necr           0%         N/A       100%        5
 Alistair's Intoxication  Tmut/Pois      6%         N/A       100%        5
 Excruciating Wounds      Necr           0%         N/A       100%        5
 Fireball                 Conj/Fire      4%         3d4       100%        5
 Freezing Cloud           Conj/Ice/Air   2%         6-21      100%        5
 Irradiate                Conj/Tmut      9%         3d17      100%        5
 Iskenderun's Battlesphe  Conj           16%        2d7       100%        5
 Manifold Assault         Tloc           0%         N/A       100%        5
 Metabolic Englaciation   Hex/Ice        0%         N/A       100%        5
 Summon Forest            Summ/Tloc      0%         N/A       100%        5
 Summon Mana Viper        Hex/Summ       0%         N/A       100%        5
 Yara's Violent Unravell  Hex/Tmut       5%         3d4       100%        5
 Death Channel            Necr           0%         N/A       100%        6
 Dispersal                Tloc           0%         N/A       100%        6
 Invisibility             Hex            0%         N/A       100%        6
 Iron Shot                Conj/Erth      13%        9d3       100%        6
 Simulacrum               Ice/Necr       0%         N/A       100%        6
 Starburst                Conj/Fire      4%         6d3       100%        6
 Dragon Form              Tmut           10%        N/A       100%        7
 Spellforged Servitor     Conj/Summ      4%         N/A       100%        7
 Storm Form               Tmut/Air       5%         N/A       100%        7
 Borgnjor's Revivificati  Necr           0%         N/A       100%        8
 Disjunction              Tloc           0%         N/A       100%        8
 Ignition                 Fire           0%         3d3       100%        8
 Infestation              Necr           0%         N/A       100%        8
 Lehudib's Crystal Spear  Conj/Erth      13%        10d4      100%        8
 Polar Vortex             Ice            0%         N/A       100%        9
 Blink                    Tloc           Unusable   N/A       N/A         2
 Swiftness                Air            Unusable   N/A       N/A         3

Dungeon Overview and Level Annotations

Branches:
Dungeon (15/15)            Temple (0/1) D:6            Lair (6/6) D:9
 Shoals (4/4) Lair:3       Spider (4/4) Lair:3        Slime (0/5) Lair:6
    Orc (2/2) D:10            Elf (2/3) Orc:2        Vaults (4/5) D:13
  Crypt (0/3) Vaults:3     Depths (0/5) D:15          Sewer (visited)
Volcano (visited)         Desolation (visited)

Altars:
Ashenzari
Fedhas
Gozag
Kikubaaqudgha
Makhleb
Qazlal
Uskayaw
Vehumet
Wu Jian
Zin
Beogh
Lugonu

Shops:
D:15 *   Orc:2 :*(![??[   Shoals:1 [   Vaults:3 [   Vaults:4 =

Portals:
Abyss: Lair:6

Annotations:
D:4 exclusion: downstairs
D:5 exclusion: downstairs
D:8 exclusion: downstairs
D:13 3 runed translucent doors, exclusion: 3 doors, 10cccordrazine's ghost, journeyman DrTm
Lair:5 exclusion: downstairs
Lair:6 3 runed translucent doors, exclusion: 3 doors, lupus83's ghost, journeyman GnBr
Orc:1 exclusion: downstairs
Vaults:1 corrupted
Vaults:3 corrupted
Vaults:4 corrupted


Innate Abilities, Weirdness & Mutations

You cannot be hasted, slowed, berserked, paralysed or teleported.
You can dig through walls and to a lower floor.
You have a pair of large antennae on your head. (SInv)
Your four strong arms can wield two-handed weapons with a shield.


Message History

You feel much better. The guardian serpent hits you!
The saltling hits you but does no damage.
The halazid warlock touches you!
* * * LOW HITPOINT WARNING * * *
You writhe in agony!
* * * LOW HITPOINT WARNING * * *
You block the guardian serpent's attack.
As you read the scroll of summoning, it crumbles to dust.
Wisps of shadow whirl around you... You block the saltling's attack.
The guardian serpent hits you!!
* * * LOW HITPOINT WARNING * * *
You block the halazid warlock's attack.
Okay, then.
Space bends sharply around you!
You blink.
Your air elemental hits the halazid warlock.
The guardian serpent casts a spell at you.
The halazid warlock blinks!
The halazid warlock touches you but does no damage.
You block the guardian serpent's attack.
The saltling closely misses your air elemental.
Your water elemental hits the halazid warlock!!
Your water elemental engulfs the halazid warlock in water!
Your deep elf knight hits the halazid warlock with a +2 long sword of draining!!
Press: ? - help, Shift-Dir - straight line, f - halazid warlock
Aim: a halazid warlock (salt, heavily damaged, strong, engulfed, ally target, chance to affect: 28%)
The halazid warlock easily resists.
Your air elemental hits the guardian serpent but does no damage.
Your air elemental fires a burst of electricity at the halazid warlock.
The stunning burst hits the guardian serpent.
The guardian serpent is paralysed.
The stunning burst hits the halazid warlock but does no damage.
The halazid warlock is paralysed.
The saltling misses your air elemental.
Your air elemental hits the guardian serpent!
Your deep elf knight hits the halazid warlock with a +2 long sword of draining!
Your water elemental hits the halazid warlock!!
The guardian serpent is no longer paralysed.
The halazid warlock is no longer paralysed.
Your air elemental misses the guardian serpent.
The guardian serpent hits you!!
You die...

##)......#
#...#####
##'#...###
###[#.!.[.###
#.######
#..).......(#
)##
#...........#
##
#...##.##...#
#...#e§E§§#..#
#...#§L§§§...#
#...#§S9§§#
#.§.#@E§§§#
#..§§§§§§§...
...§§##§.##..#
#.... .... .#
#... ..... #
#.. ..... ###
#######


You could see a halazid warlock (strong, engulfed, ally target), a guardian
serpent (strong), a saltling and a friendly air elemental (summoned).

Vanquished Creatures
  A bone dragon (Vaults:2)
  2 sphinxes (Vaults:1)
  Polyphemus (Shoals:4)
  Kirke (Shoals:3)
  A tengu reaver (Vaults:2)
  A tentacled starspawn (Abyss:2)
  Donald (Orc:2)
  Ilsuiw (Shoals:2)
  2 frost giants
  7 vault wardens
  4 imperial myrmidons (Desolation)
  6 ghost moths
  8 emperor scorpions
  Aizul (Shoals:1)
  3 war gargoyles
  2 orc warlords
  A stone giant (Vaults:4)
  2 ironbound preservers
  8 very ugly things
  Nessos (D:15)
  2 entropy weavers
  A spark wasp (Spider:2)
  A spark wasp (shapeshifter) (Vaults:2)
  4 dire elephants
  A crystal guardian (Vaults:2)
  3 merfolk javelineers
  5 merfolk impalers
  6 yaktaur captains
  2 servants of whispers (Desolation)
  5 ragged hierophants (Desolation)
  2 deep elf high priests (Elf:2)
  Fannar (D:11)
  A great orb of eyes (Vaults:3)
  12 hydras
  14 vault guards
  5 boulder beetles
  4 alligator snapping turtles
  9 peacekeepers
  2 ogre magi
  6 ironbound thunderhulks
  9 centaur warriors
  2 catoblepae
  4 ironbound frosthearts
  Erica (Orc:2)
  A deep troll shaman (Vaults:2)
  3 merfolk avatars
  4 merfolk aquamancers
  7 dancing weapons
  2 deep troll earth magi (Vaults:2)
  15 two-headed ogres
  2 satyrs
  2 death yaks
  A tengu warrior (D:12)
  2 orc high priests (Elf:1)
  A hell knight (Volcano)
  4 thrashing horrors (Lair:6)
  4 ironbound beastmasters
  Sonja (Lair:4)
  4 deep elf knights
  2 skeletal warriors (D:15)
  A golden dragon zombie (D:15)
  10 sea snakes
  A flayed ghost (D:15)
  10 deep trolls
  10 deep elf archers
  A glowing orange brain (Vaults:1)
  7 wizards
  A lindwurm (Vaults:3)
  3 harpies (Shoals:4)
  An orange crystal statue (Elf:1)
  18 deep elf pyromancers
  12 ironbound convokers
  7 orc knights
  11 deep elf zephyrmancers
  17 orb spiders
  16 manticores
  22 ugly things
  2 moths of wrath
  2 oklob plants (Lair:1)
  12 wolf spiders
  8 cyclopes
  2 orc sorcerers (Orc:2)
  12 fauns
  A necromancer (D:15)
  5 elephants
  4 black mambas
  11 vault sentinels
  4 guardian serpents (Desolation)
  A salamander (shapeshifter) (Vaults:3)
  7 centaur zombies
  9 merfolk sirens
  A torpor snail (Lair:6)
  2 centaur skeletons (D:7)
  A water nymph (Shoals:4)
  A spriggan zombie (D:15)
  14 cane toads
  A smoke demon (Lair:6)
  A tengu conjurer (D:11)
  2 gargoyles (D:13)
  An efreet (Abyss:1)
  Maggie (D:8)
  A rime drake (Lair:6)
  3 komodo dragons
  5 kobold demonologists
  30 yaktaurs
  A tormentor (Abyss:1)
  A hellwing (D:7)
  2 ancient zymes (Lair:6)
  8 demonic crawlers
  A spriggan skeleton (D:15)
  3 polar bears
  31 merfolk
  26 jumping spiders
  A meliai (shapeshifter) (D:14)
  6 trolls
  4 wind drakes
  12 hornets
  32 slime creatures
  6 snapping turtles
  4 dream sheep (Shoals:1)
  29 saltlings
  27 blink frogs
  A meliai zombie (D:7)
  56 redbacks
  8 water elementals
  2 spriggans (Lair:6)
  3 vampires
  30 tarantellas
  50 yaks
  5 wyverns
  A ynoxinul (Lair:6)
  2 shadows
  3 hogs
  Grum (D:9)
  8 wraiths
  A deep troll skeleton (D:15)
  3 chaos spawn (Lair:6)
  10 vampire mosquitoes
  14 small abominations
  2 basilisks
  3 large abominations
  3 wargs
  An acid dragon (D:13)
  20 water moccasins
  An ice beast (D:4)
  2 sky beasts
  5 black bears
  46 orc warriors
  An ettin simulacrum (Abyss:2)
  A hornet zombie (D:7)
  14 ogres
  19 wolves
  6 centaurs
  A phantom (D:10)
  7 kobold brigands
  An earth elemental (Elf:1)
  9 bullfrogs
  A gnoll sergeant (Abyss:1)
  5 scorpions (Spider:3)
  A water moccasin zombie (D:5)
  A water moccasin skeleton (D:5)
  6 killer bees
  A troll zombie (D:10)
  13 wights
  A howler monkey (D:14)
  5 electric eels
  2 bullfrog zombies (D:5)
  3 jellies
  3 hounds
  35 orc priests
  Ijyb (D:3)
  Terence (D:3)
  Natasha (thrice) (D:3)
  23 orc wizards
  4 iguanas
  7 ogre zombies (D:10)
  3 hound skeletons
  Robin (D:3)
  10 adders
  5 gnolls
  A river rat (Sewer)
  3 shadow imps (D:7)
  3 white imps
  2 worms
  2 dart slugs
  110 orcs
  7 ball pythons
  5 endoplasms
  4 giant cockroaches
  12 goblins
  5 hobgoblins (D:3)
  2 jackals (D:2)
  2 quokkas (D:2)
  A bat (D:1)
  6 frilled lizards
  4 goblin skeletons (D:10)
  2 goblin zombies (D:10)
  A hobgoblin skeleton (D:10)
  4 hobgoblin zombies (D:10)
  25 kobolds
  An orc skeleton (D:10)
  13 orc zombies (D:10)
  6 rats
1393 creatures vanquished.

Vanquished Creatures (others)
  An ancient lich (Vaults:3)
  A shadow dragon (Vaults:3)
  A storm dragon (Vaults:3)
  A tengu reaver (Vaults:3)
  A frost giant (Vaults:1)
  4 vault wardens
  4 ironbound preservers
  A deep elf annihilator (Vaults:3)
  2 white draconians (Vaults:3)
  A yaktaur captain (Vaults:3)
  An ironbound thunderhulk (Vaults:1)
  2 centaur warriors (Vaults:1)
  2 vault guards
  An ironbound frostheart (Vaults:4)
  A hell knight (Vaults:3)
  5 deep trolls (Vaults:1)
  7 ironbound convokers
  A wizard (Vaults:2)
  A necromancer (Vaults:3)
  A cyclops (shapeshifter) (Vaults:3)
  5 vault sentinels
  A merfolk siren (Shoals:2)
  7 yaktaurs
  A rime drake (shapeshifter) (Vaults:3)
  A freezing wraith (Vaults:3)
  A queen bee (shapeshifter) (Vaults:3)
  8 slime creatures (Vaults:1)
  2 humans (Shoals:4)
  An acid dragon (shapeshifter) (Vaults:3)
  2 orc priests (Elf:1)
  An orc (Orc:1)
  46 fungi
  184 plants
  28 starspawn tentacles
  13 withered plants
340 creatures vanquished.

Grand Total: 1733 creatures vanquished

Notes
Turn   | Place    | Note
-------+----------+-------------------------------------------
     0 | Abyss:1  | AarnesTheHuman the Formicid Abyssal Knight began the quest
                  | for the Orb.
     0 | Abyss:1  | Reached XP level 1. HP: 18/18 MP: 2/2
    14 | D:1      | Escaped the Abyss
    31 | D:1      | Found a faded altar of an unknown god.
   174 | D:1      | You fall into a shaft and drop 1 floor!
   829 | D:1      | Reached XP level 2. HP: 24/24 MP: 3/3
  1089 | D:2      | Reached XP level 3. HP: 28/30 MP: 3/5
  1211 | D:2      | Reached ** piety under Lugonu
  2055 | D:3      | Reached XP level 4. HP: 37/37 MP: 6/6
  2060 | D:3      | Reached skill level 4 in Fighting
  2104 | D:3      | Noticed Natasha
  2253 | D:3      | Killed Natasha
  2344 | D:3      | Found a glowing drain.
  2375 | Sewer    | Entered a sewer
  2407 | Sewer    | Reached XP level 5. HP: 40/42 MP: 7/7
  2946 | Sewer    | Reached *** piety under Lugonu
  3093 | D:3      | Noticed Terence
  3128 | D:3      | Noticed Natasha
  3211 | D:3      | Killed Natasha
  3310 | D:3      | Killed Terence
  3387 | D:3      | Noticed Natasha
  3407 | D:3      | Killed Natasha
  3408 | D:3      | Reached XP level 6. HP: 35/49 MP: 9/9
  3627 | D:3      | Found a glowing silver altar of Zin.
  3627 | D:3      | Noticed Robin
  3655 | D:3      | Killed Robin
  3873 | D:3      | Noticed Ijyb
  3887 | D:3      | Killed Ijyb
  4092 | D:4      | Reached skill level 5 in Fighting
  4828 | D:5      | Entered Level 5 of the Dungeon
  5005 | D:5      | Reached skill level 5 in Invocations
  5145 | D:5      | Noticed a black bear
  5148 | D:5      | Reached XP level 7. HP: 56/56 MP: 10/10
  5597 | D:5      | Reached skill level 5 in Armour
  6179 | D:5      | Found a stormy altar of Qazlal.
  6179 | D:5      | Found an ornate altar of the Wu Jian Council.
  6406 | D:4      | Reached skill level 6 in Fighting
  6615 | D:5      | Noticed a water moccasin
  6620 | D:5      | Reached XP level 8. HP: 57/64 MP: 12/12
  8068 | D:6      | Noticed a gargoyle
  8075 | D:6      | Found a broken altar of Ashenzari.
  8121 | D:5      | Reached skill level 7 in Fighting
  8121 | D:5      | Reached skill level 1 in Maces & Flails
  8468 | D:5      | Reached skill level 1 in Throwing
  8698 | D:5      | Reached XP level 9. HP: 47/72 MP: 14/14
  9420 | D:6      | Found a staircase to the Ecumenical Temple.
  9512 | D:5      | Reached **** piety under Lugonu
  9732 | D:6      | Banished a gargoyle
  9733 | D:6      | Reached skill level 8 in Fighting
  9866 | D:7      | Learned a level 2 spell: Passwall
  9866 | D:7      | Found a runed translucent door.
  9874 | D:7      | Noticed a hellwing
 10247 | D:7      | Reached XP level 10. HP: 73/82 MP: 16/16
 10569 | D:7      | Reached skill level 1 in Earth Magic
 10581 | D:7      | Reached skill level 9 in Fighting
 10939 | D:7      | Reached skill level 1 in Transmutations
 11112 | D:7      | Reached skill level 10 in Invocations
 11891 | D:7      | Reached XP level 11. HP: 79/86 MP: 18/18
 13513 | D:6      | HP: 4/81 [poisoned by a gnoll sergeant]
 13517 | D:6      | HP: 1/81 [poisoned by a gnoll sergeant]
 14110 | D:7      | Found a burning altar of Makhleb.
 14110 | D:7      | Found a faded altar of an unknown god.
 14118 | D:7      | Found a radiant altar of Vehumet.
 14120 | D:7      | Found a faded altar of an unknown god.
 14122 | D:7      | Found a blossoming altar of Fedhas.
 14599 | D:8      | Reached skill level 5 in Earth Magic
 14810 | D:8      | Found a sand-covered staircase.
 14917 | D:8      | Reached skill level 10 in Fighting
 14935 | D:8      | Noticed Maggie
 14950 | D:8      | Killed Maggie
 15304 | D:8      | Reached skill level 10 in Armour
 15848 | D:9      | Noticed Grum
 15933 | D:9      | Noticed a two-headed ogre
 17105 | D:9      | Killed Grum
 17350 | D:9      | Found an ancient bone altar of Kikubaaqudgha.
 17484 | D:9      | Found a hide-covered altar of Uskayaw.
 18647 | D:9      | Found a staircase to the Lair.
 18787 | D:10     | Entered Level 10 of the Dungeon
 19098 | D:10     | Noticed a sixfirhy
 19288 | D:10     | Noticed a two-headed ogre
 19442 | D:9      | Killed a two-headed ogre
 19558 | D:9      | Reached skill level 11 in Fighting
 19558 | D:9      | Reached XP level 12. HP: 94/100 MP: 20/20
 19685 | D:10     | Reached ***** piety under Lugonu
 19687 | D:10     | Found a staircase to the Orcish Mines.
 21410 | Lair:1   | Entered Level 1 of the Lair of Beasts
 24045 | Lair:2   | Reached skill level 12 in Fighting
 26252 | D:7      | Killed a two-headed ogre
 26722 | Lair:3   | Reached XP level 13. HP: 68/109 MP: 21/21
 27083 | Lair:3   | Reached skill level 5 in Maces & Flails
 28171 | Lair:3   | Found a staircase to the Shoals.
 28750 | Lair:3   | Learned a level 3 spell: Stone Arrow
 28840 | Lair:3   | Reached skill level 13 in Fighting
 28982 | Lair:3   | Found a hole to the Spider Nest.
 29232 | Lair:3   | Reached skill level 1 in Conjurations
 30276 | Lair:3   | Noticed a six-headed hydra
 31241 | Lair:3   | Killed a six-headed hydra
 31598 | Lair:4   | Identified 2 scrolls of acquirement
 31598 | Lair:4   | Acquired the +1 cloak "Uhuhest" {rElec Str+4 Dex+6}
 31599 | Lair:4   | Acquired a +0 kite shield of resistance
 31678 | Lair:4   | Reached skill level 1 in Shields
 32002 | Lair:4   | Noticed Sonja
 32023 | Lair:4   | Killed Sonja
 32388 | Lair:4   | Found the ring of the Hare {EV+8}
 32678 | Lair:4   | Noticed a four-headed hydra
 32708 | Lair:4   | Killed a four-headed hydra
 33141 | Lair:5   | Found a blossoming altar of Fedhas.
 34043 | Lair:4   | Reached XP level 14. HP: 95/119 MP: 22/22
 35027 | Lair:5   | Identified the +5 hand crossbow of Ytuebby {elec, rF- Str+2
                  | Int-3 Dex+6}
 35858 | Lair:6   | Entered Level 6 of the Lair of Beasts
 35964 | Lair:6   | Found a staircase to the Slime Pits.
 35984 | Lair:5   | Reached skill level 1 in Crossbows
 36276 | Lair:6   | Reached skill level 5 in Shields
 36895 | Lair:6   | Found a runed translucent gate.
 36895 | Lair:6   | Found a runed translucent gate.
 36895 | Lair:6   | Found a runed translucent gate.
 36895 | Lair:6   | Noticed lupus83's ghost (journeyman GnBr)
 37047 | Lair:5   | Reached skill level 14 in Fighting
 38040 | Lair:6   | Reached skill level 5 in Crossbows
 38734 | Lair:6   | Reached ****** piety under Lugonu
 39398 | Lair:6   | Identified the ring "Duthre" {*Slow rF+ Str+3 SInv}
 39739 | Lair:6   | Reached XP level 15. HP: 27/127 MP: 18/23
 40245 | Lair:6   | Found a corrupted altar of Lugonu.
 40245 | Lair:6   | Found a one-way gate to the infinite horrors of the Abyss.
 40266 | Lair:6   | Got the Catalogue of Transmigration and Cold
 42163 | D:12     | Noticed Fannar
 42198 | D:11     | Killed Fannar
 42570 | D:12     | Found a runed translucent door.
 44376 | D:12     | Noticed a frost giant
 44395 | D:12     | Banished a frost giant
 44632 | D:12     | Reached skill level 15 in Fighting
 45162 | Orc:1    | Entered Level 1 of the Orcish Mines
 45213 | Orc:2    | Entered Level 2 of the Orcish Mines
 45265 | Orc:1    | Found a dark tunnel.
 45393 | Volcano  | Entered a volcano
 46081 | Orc:2    | Found Saulavuk's Magic Scroll Shop.
 46081 | Orc:2    | Found Hiugiod's Magic Scroll Emporium.
 46221 | Orc:2    | Found Onogremiy's Antique Armour Shoppe.
 46308 | Orc:2    | Found a staircase to the Elven Halls.
 46323 | Orc:1    | Noticed Erica
 47036 | Orc:2    | Noticed an orc warlord
 47081 | Orc:1    | Killed an orc warlord
 47644 | Orc:2    | Found Ideegiuh's Antique Armour Boutique.
 47655 | Orc:2    | Found Vuabb's Antique Weapon Shop.
 47922 | Orc:2    | Noticed Donald
 48160 | Orc:2    | Killed Donald
 48161 | Orc:2    | Reached XP level 16. HP: 126/136 MP: 25/25
 48368 | Orc:2    | Found Acritt's Assorted Antiques.
 48680 | Orc:2    | Found Juir's Book Boutique.
 48856 | Orc:2    | Found Famitom's Distillery.
 49002 | Orc:2    | Killed Erica
 49140 | Orc:2    | Bought a scroll of acquirement for 572 gold pieces
 49150 | Orc:2    | Acquired 911 gold pieces
 49154 | Orc:2    | Bought a scroll of identify for 22 gold pieces
 49159 | Orc:2    | Bought a scroll of acquirement for 624 gold pieces
 49201 | Orc:2    | Bought a brightly glowing trident for 289 gold pieces
 49201 | Orc:2    | Identified the +5 trident of Blood {vorpal, *Corrode Int+4
                  | SInv} (You bought it in a shop on level 2 of the Orcish
                  | Mines)
 49203 | Orc:2    | Reached skill level 10 in Earth Magic
 49203 | Orc:2    | Reached XP level 17. HP: 142/142 MP: 26/26
 49439 | D:13     | Identified the +12 dagger of Incongruity {freeze, *Slow rF+
                  | rC+}
 49454 | D:13     | Reached skill level 10 in Crossbows
 49469 | D:13     | Found a gate to the Vaults.
 50115 | D:13     | Reached skill level 5 in Transmutations
 50943 | D:13     | Found a runed translucent gate.
 50944 | D:13     | Found a runed translucent gate.
 50946 | D:13     | Found a runed translucent gate.
 50946 | D:13     | Noticed 10cccordrazine's ghost (journeyman DrTm)
 51155 | D:14     | Found a radiant altar of Vehumet.
 51190 | D:14     | Found a flickering gateway to a bazaar.
 51199 | Bazaar   | Entered a bazaar
 51213 | Bazaar   | Found Kinus's Magic Scroll Shoppe.
 51234 | Bazaar   | Found Betelora's Armour Emporium.
 51256 | Bazaar   | Found Hing's Antique Armour Shoppe.
 51256 | Bazaar   | Found Wokhleji's Antique Armour Emporium.
 51297 | Bazaar   | Bought an ichor-stained plate armour for 476 gold pieces
 51297 | Bazaar   | Identified the +10 plate armour "Bodurig" {Dex+7} (You
                  | bought it in a shop in a bazaar)
 51337 | Bazaar   | Bought a scroll of magic mapping for 42 gold pieces
 51894 | D:15     | Entered Level 15 of the Dungeon
 52563 | D:15     | Found a staircase to the Depths.
 53213 | D:15     | Noticed Nessos
 53244 | D:15     | Killed Nessos
 53378 | D:15     | Found Gozag's Platinum Reserve.
 53380 | D:15     | Found an opulent altar of Gozag.
 53910 | Shoals:1 | Entered Level 1 of the Shoals
 55119 | Shoals:1 | Found Seucunum's Armour Emporium.
 55171 | Shoals:1 | Bought a +2 kite shield of poison resistance for 259 gold
                  | pieces
 55226 | Spider:1 | Entered Level 1 of the Spider Nest
 55805 | Spider:1 | Reached skill level 16 in Fighting
 55832 | Spider:1 | Reached XP level 18. HP: 151/151 MP: 27/27
 55989 | Lair:3   | Upgraded the game from 0.28-a0-261-gc0b50483a2 to
                  | 0.28-a0-268-g3f656e82c2
 56185 | Orc:1    | Acquired 393 gold pieces
 57334 | Spider:1 | Reached skill level 15 in Armour
 58524 | Spider:3 | Reached skill level 5 in Polearms
 60393 | Spider:4 | Entered Level 4 of the Spider Nest
 64080 | Spider:3 | Reached XP level 19. HP: 64/159 MP: 9/28
 65992 | Spider:4 | Got a gossamer rune of Zot
 66381 | Shoals:2 | Noticed Ilsuiw
 66443 | Shoals:1 | Reached skill level 17 in Fighting
 67327 | Shoals:1 | Reached skill level 5 in Conjurations
 67537 | Shoals:2 | Noticed Aizul
 68037 | Shoals:1 | Killed Aizul
 68224 | Shoals:2 | Killed Ilsuiw
 69623 | Shoals:4 | Entered Level 4 of the Shoals
 69626 | Shoals:4 | Reached skill level 10 in Polearms
 70181 | Shoals:4 | Identified the +1 plate armour of Joy {Regen+}
 70300 | Shoals:4 | Identified the amulet of Reimbursement {*Corrode rF+++
                  | Regen+ Str+3}
 70495 | Shoals:4 | Noticed Kirke
 70556 | Shoals:3 | Killed Kirke
 70967 | Shoals:4 | Noticed Polyphemus
 71556 | Shoals:4 | Identified the +1 mace of the Living Dead {elec, rElec rN+}
 71695 | Shoals:4 | Killed Polyphemus
 72863 | Shoals:4 | Reached XP level 20. HP: 162/168 MP: 28/30
 72881 | Shoals:4 | Got a barnacled rune of Zot
 73219 | Vaults:1 | Entered Level 1 of the Vaults
 74147 | Vaults:1 | Corrupted Vaults:1
 74804 | Vaults:1 | Escaped the Abyss
 75161 | Vaults:1 | Cast into level 2 of the Abyss (a wizard)
 75210 | Abyss:2  | Identified the +1 robe of the Spider Nest {rC++ MP+9 Int-2
                  | Dex+4}
 75228 | Vaults:1 | Escaped the Abyss
 75238 | Vaults:1 | Cast into level 2 of the Abyss (a wizard)
 75339 | Abyss:2  | Found a corrupted altar of Lugonu.
 75400 | Vaults:1 | Escaped the Abyss
 75711 | Vaults:1 | Reached skill level 18 in Fighting
 76817 | Vaults:1 | Upgraded the game from 0.28-a0-268-g3f656e82c2 to
                  | 0.28-a0-309-gf6d37e6e1d
 77055 | Vaults:2 | Found a flickering gateway to a bazaar.
 77064 | Bazaar   | Entered a bazaar
 77064 | Bazaar   | Found Tocoam's General Store.
 77064 | Bazaar   | Found Puuduph's Antique Weapon Boutique.
 77351 | Bazaar   | Found Aqesiutz's Distillery.
 77362 | Bazaar   | Found Yphuzoq's Antique Armour Shop.
 77370 | Bazaar   | Found Fuske's Book Shop.
 77400 | Bazaar   | Bought a fine scythe for 232 gold pieces
 77400 | Bazaar   | Identified the +9 scythe "Plog" {vorpal, rPois Will- rCorr
                  | Int+3} (You bought it in a shop in a bazaar)
 77411 | Bazaar   | Bought a scroll of acquirement for 624 gold pieces
 77469 | Bazaar   | Bought a potion of heal wounds for 60 gold pieces
 77469 | Bazaar   | Bought a potion of heal wounds for 60 gold pieces
 77469 | Bazaar   | Bought a potion of might for 48 gold pieces
 78228 | Vaults:2 | Reached XP level 21. HP: 103/177 MP: 21/32
 79103 | Vaults:2 | Reached skill level 15 in Invocations
 79798 | Vaults:2 | You fall into a shaft and drop 2 floors!
 81361 | Vaults:3 | Reached skill level 1 in Dodging
 81445 | Vaults:3 | Noticed a bone dragon
 81524 | Vaults:2 | Killed a bone dragon
 81670 | Vaults:3 | Found a staircase to the Crypt.
 82100 | Vaults:3 | Found Doeluat's Armour Shop.
 82108 | Vaults:3 | Bought +2 gold dragon scales for 1564 gold pieces
 83275 | Vaults:3 | Corrupted Vaults:3
 83310 | Vaults:3 | Killed an ancient lich
 83805 | Vaults:3 | Identified the +8 dagger "Beastbane" {antimagic, rElec}
 83850 | Vaults:3 | Found the +11 plutonium sword {Contam Stlth-}
 83870 | Vaults:3 | Got the Incunabulum of Evil
 83956 | Vaults:3 | Identified the +6 battleaxe "AarnesTheHuman's Death"
                  | {speed, rPois rN+ Str+4 Int+3}
 84006 | Vaults:3 | Identified the +1 robe "Utugroci" {rElec Will+ Regen+}
 84368 | Vaults:4 | Identified the ring "Ymadupow" {rN+ EV+4}
 84436 | Vaults:4 | Identified the +8 mace "Gaexkoip" {flame, Drain rN++ Str+4}
 84728 | Vaults:4 | Reached skill level 15 in Polearms
 84731 | Vaults:4 | Reached skill level 19 in Fighting
 85058 | Vaults:4 | Corrupted Vaults:4
 85058 | Vaults:4 | Noticed an ancient lich
 85059 | Vaults:4 | Noticed an ancient lich
 85466 | Vaults:4 | Acquired 1125 gold pieces
 85503 | Vaults:4 | Found Xuxe's Jewellery Shop.
 85613 | Vaults:4 | Cast into level 2 of the Abyss (vault guard)
 85673 | Vaults:4 | Escaped the Abyss
 85705 | Vaults:4 | Reached XP level 22. HP: 82/187 MP: 18/33
 86622 | Vaults:4 | Bought an amulet of reflection for 480 gold pieces
 86897 | Elf:1    | Entered Level 1 of the Elven Halls
 89883 | Elf:2    | Found a crumbling gateway.
 89888 | Desolati | Entered the Desolation of Salt
 89987 | Desolati | Got Gloorx Vloq's Papyrus of Nocuous Evil Rituals
 90004 | Desolati | Got Gaetruxi's Guide on Mutagenic Execration
 90007 | Desolati | Identified the +5 quarterstaff "Jinim" {vorpal, rC+ Dex+3}
 90704 | Desolati | Identified the ring "Kouzur" {rElec rPois rC+ rCorr MP+9}
 90740 | Abyss:1  | Noticed a dread lich
 90757 | Desolati | Escaped the Abyss
 91170 | Desolati | Identified the +7 dagger of Skirmishing {vorpal, Dex+6}
 91280 | Desolati | HP: 1/186 [saltling[a halazid warlock] (13)]
 91291 | Elf:2    | Mangled by a guardian serpent

Illustrated notes

Levels and vault maps discovered:
D:1:      psy_arrival_terrarium, layout_loops_ring,
          hellmonk_ecumenical_altar_run_dry
D:2:      layout_loops_cross, hex_medium
D:3:      layout_rooms, mainiacjoe_overflow_alcove_4,
          cheibrodos_sewer_entry_bend, uniq_robin, uniq_ijyb, uniq_terence,
          uniq_natasha
D:4:      layout_gridville
D:5:      layout_layer_cave, jmf_multi_god_temple
D:6:      layout_basic, nicolae_overflow_hidden_temple,
          minmay_temple_entry_statues_pillars
D:7:      cheibrodos_grave_circle, layout_basic,
          chequers_temple_overflow_minitemple, lightli_church_of_beogh
D:8:      layout_basic, enter_ossuary_5, uniq_maggie
D:9:      layout_rooms, kiku_gazebo_pond_becter, mainiacjoe_overflow_boulevard,
          david_lair_generic, uniq_grum
D:10:     layout_basic, zombieorc2_lemuel, minmay_crystal_water
D:11:     layout_loops_ring
D:12:     layout_irregular_city, lightli_airlock, uniq_fannar
D:13:     layout_roguey [special_room_orc], david_vaults_1,
          gammafunk_ghost_nasty_kobolds
D:14:     layout_loops_ring, kennysheep_flooded_box, serial_shops,
          bzr_in_the_mist
D:15:     gammafunk_depths_entry_grave, layout_loops_cross, minivault_19,
          nicolae_gozag_zags_fifth_avenue, uniq_nessos
Lair:1:   layout_regular_city, serial_bayou_shore_b,
          infiniplex_staircase_pool_2, grunt_megastairs_5, lemuel_fruit_fields,
          lemuel_fruit_fields, minmay_lair_oklob_chamber
Lair:2:   layout_chaotic_city, chequers_serial_rivers_micro_d, minmay_holes
Lair:3:   layout_regular_city, minmay_shoals_entry_centaurs,
          nicolae_spider_entry_tight_spaces, gauntlet_entry_generic,
          beast_lair_carwin_4
Lair:4:   layout_regular_city, grunt_forest_stairs_basic, serial_bayou_shore_b,
          uniq_sonja
Lair:5:   layout_long_grid, basic_altar, grunt_megastairs_4,
          serial_bayou_shore_a, lemuel_fruit_fields, serial_bayou_shore_b,
          serial_bayou_shore_b
Lair:6:   hellmonk_lair_end_abyssal_woods, layout_misc_corridors,
          nicolae_slime_entry_slimehenge, ebering_ghost_rock_garden
Shoals:1: layout_shoals, serial_shops, shop
Shoals:2: layout_shoals, uniq_ilsuiw, uniq_aizul
Shoals:3: layout_shoals
Shoals:4: shoals_end_hangedman, layout_shoals, uniq_polyphemus, uniq_kirke
Spider:1: layout_spider_delve, nicolae_spider_bug_shape
Spider:2: layout_spider_delve
Spider:3: spiders_nest_scorpion_pit
Spider:4: grunt_spider_rune_circles
Orc:1:    layout_diamond_mine, nicolae_volcano_entry_lava_flow, uniq_erica
Orc:2:    grunt_orc_community_town_hall, layout_diamond_mine,
          grunt_orc_community_big_house_2, grunt_orc_community_big_house_1,
          grunt_orc_community_house_1, grunt_orc_community_house_3,
          grunt_orc_community_house_2, grunt_orc_community_house_3,
          serial_shops, shop, shop, shop, nicolae_shop_statue_plus, basic_altar,
          uniq_donald
Elf:1:    nicolae_elf_arrival_fired_up, layout_rooms, special_room
          [special_room_orc], minivault_16
Elf:2:    nicolae_elf_blades_splatter_lattice [nicolae_blade_bullseye],
          layout_geoelf_diagonals, portal_desolation_entry_nicolae_nacl
Vaults:1: v_misc_15, dpeg_vaults_monster_box, grunt_vaults_hallway_short,
          nicolae_vaults_good_morning_starshine, ontoclasm_vaults_eye,
          vaults_room_grunt_arrival_ludios, v_misc_30, v_misc_3,
          vaults_room_pools, nicolae_vaults_hallways_thing, v_misc_4, v_misc_25,
          layout_vaults_omnicross
Vaults:2: nicolae_vaults_ring_of_whatevers, hangedman_vaults_river_flow,
          v_misc_4, v_misc_18, nicolae_vaults_little_squares_3,
          ontoclasm_vaults_gallery, vaults_mumra_chevron, grunt_vaults_twisty,
          vaults_dpeg_ring, ontoclasm_vaults_gateway, vaults_dpeg_diagonal,
          vaults_room_semicircle, layout_vaults_omnigrid, serial_shops,
          bzr_entry_dummy
Vaults:3: ontoclasm_vaults_claustrophobia, vaults_mumra_lcd,
          nicolae_vaults_asterisk, minmay_crypt_entry_nasty_monster,
          hangedman_vaults_stream, st_greater_box_4, hangedman_vaults_slice,
          v_misc_22, vaults_dpeg_doors, nicolae_vaults_sealed_display,
          ontoclasm_vaults_twist, v_misc_26, layout_vaults_omnibox,
          serial_shops, nicolae_shop_trees
Vaults:4: v_misc_9, ontoclasm_vaults_ring_square, nicolae_vaults_ninety_degrees,
          v_misc_30, vaults_room_fancy_cross, nicolae_vaults_little_ls,
          nicolae_vaults_ring_of_whatevers, layout_vaults_chaotic_city,
          serial_shops, shop

Skill      XL: |  1  2  3  4  5  6  7  8  9 10 11 12 13 14 15 16 17 18 19 20 21 22 |
---------------+-------------------------------------------------------------------+-----
Invocations    | 3 4 5 6 7 9 10 11 12 13 14 15 | 15.0
Armour         | 3 4 5 6 8 9 10 12 13 14 15 16 17 | 17.2
Fighting       | 4 5 6 7 8 9 11 12 13 14 15 16 17 18 19 | 19.8
Maces & Flails | 1 3 4 5 |  5.0
Throwing       | 1 2 |  2.0
Earth Magic    | 4 7 9 10 11 | 11.5
Transmutations | 2 3 4 5 6 |  6.5
Conjurations   | 4 5 |  5.0
Shields        | 3 9 |  9.0
Crossbows      | 6 9 11 12 | 12.0
Polearms       | 8 11 13 15 17 | 17.0
Dodging        | 3 |  3.3

Action                   |  1- 3 |  4- 6 |  7- 9 | 10-12 | 13-15 | 16-18 | 19-21 | 22-24 || total
-------------------------+-------+-------+-------+-------+-------+-------+-------+-------++-------
Melee: Spear             |   104 |   234 |   102 |       |       |   852 |   109 |       ||  1401
       Hand axe          |       |       |    18 |       |       |       |       |       ||    18
       Whip              |       |       |   143 |  1106 |  1766 |   730 |       |       ||  3745
       Trident           |       |       |       |       |     3 |       |   650 |       ||   653
       Mace              |       |       |       |       |     4 |       |       |       ||     4
       Scythe            |       |       |       |       |       |       |   441 |   325 ||   766
       Hand crossbow     |       |       |       |       |       |       |     1 |       ||     1
 Fire: Hand crossbow     |       |       |       |       |   184 |   389 |   824 |    37 ||  1434
       Arbalest          |       |       |       |       |       |       |       |    78 ||    78
Throw: Dart              |       |    39 |    44 |    86 |    61 |     2 |    15 |     4 ||   251
       Stone             |       |     1 |       |       |       |       |       |       ||     1
 Cast: Passwall          |       |       |       |     3 |       |     2 |     3 |       ||     8
       Stone Arrow       |       |       |       |       |    40 |     7 |     4 |       ||    51
Invok: Bend Space        |       |       |     4 |    12 |    10 |     3 |     7 |     5 ||    41
       Banish            |       |       |     3 |     5 |     2 |     3 |     4 |     1 ||    18
       Depart the Abyss  |       |       |       |       |       |       |     2 |     1 ||     3
       Corrupt           |       |       |       |       |       |       |     3 |       ||     3
       Enter the Abyss   |       |       |       |       |       |       |     1 |     1 ||     2
 Abil: Dig               |       |     1 |       |    10 |    17 |    34 |     1 |     4 ||    67
Evoke: Wand              |       |       |     2 |       |     9 |       |       |       ||    11
  Use: Scroll            |     2 |     2 |       |    17 |     9 |     5 |     7 |     4 ||    46
       Potion            |       |       |     1 |     2 |     2 |     2 |     7 |    13 ||    27
 Stab: Distracted        |       |       |       |       |       |       |     1 |       ||     1
       Invisible         |       |       |       |       |       |       |     1 |       ||     1
Armor: Leather armour    |     6 |       |       |       |       |       |       |       ||     6
       Chain mail        |    21 |    10 |       |       |       |       |       |       ||    31
       Fire dragon scale |       |    87 |   159 |   265 |       |       |       |       ||   511
       Swamp dragon scal |       |       |       |   338 |   481 |       |       |       ||   819
       Scale mail        |       |       |       |       |    75 |       |       |       ||    75
       Plate armour      |       |       |       |       |    61 |   903 |   785 |       ||  1749
       Skin              |       |       |       |       |     1 |       |       |       ||     1
       Gold dragon scale |       |       |       |       |       |       |   212 |   207 ||   419
Dodge: Dodged            |    43 |    89 |   133 |   576 |  1200 |   940 |   565 |    95 ||  3641
Block: Kite shield       |       |       |       |       |   742 |  1294 |  1167 |   310 ||  3513
       Reflection        |       |       |       |       |       |       |       |    30 ||    30

Table legend: (Time is in decaauts)
 A = Elapsed time spent in this place.
 B = Non-inter-level travel time spent in this place.
 C = Inter-level travel time spent in this place.
 D = Time resting spent in this place.
 E = Time spent auto-exploring this place.
 F = Levels seen in this place.
 G = Mean time per level.
                   A        B        C        D        E       F      G
               +--------+--------+--------+--------+--------+-----+--------+
         Total |  91678 |  83608 |   8070 |  36561 |  18255 |  48 | 1910.0 |
       Dungeon |  33246 |  30007 |   3239 |  13570 |   7583 |  15 | 2216.4 |
          Lair |  19825 |  18111 |   1714 |   9670 |   3643 |   6 | 3304.2 |
        Shoals |   7974 |   7645 |    329 |   3029 |   1643 |   4 | 1993.5 |
   Spider Nest |   8907 |   8090 |    817 |   3496 |   1057 |   4 | 2226.8 |
  Orcish Mines |   4312 |   3559 |    753 |   1036 |    993 |   2 | 2156.0 |
   Elven Halls |   1889 |   1833 |     56 |    438 |    493 |   2 |  944.5 |
        Vaults |  11923 |  10764 |   1159 |   3803 |   2721 |   4 | 2980.8 |
         Abyss |    642 |    642 |      0 |     85 |      0 |   6 |  107.0 |
        Bazaar |    647 |    647 |      0 |    269 |     12 |   2 |  323.5 |
         Sewer |    731 |    731 |      0 |    305 |     52 |   1 |  731.0 |
       Volcano |    193 |    193 |      0 |     91 |      0 |   1 |  193.0 |
    Desolation |   1384 |   1384 |      0 |    767 |     56 |   1 | 1384.0 |
               +--------+--------+--------+--------+--------+-----+--------+

Top non-repeatable levels by time:
  Lair:3: 5027 daAuts
Spider:3: 3995 daAuts
  Lair:2: 3630 daAuts
     D:7: 3519 daAuts
     D:5: 3432 daAuts
  Lair:6: 3381 daAuts
Vaults:3: 3379 daAuts
     D:9: 3357 daAuts
Vaults:1: 3256 daAuts
     D:6: 3238 daAuts
Vaults:2: 3075 daAuts
    D:12: 2785 daAuts
  Lair:5: 2754 daAuts
  Lair:1: 2749 daAuts
     D:8: 2681 daAuts
